 Dungeon Crawl Stone Soup version 0.32-a0-519-g08f29ac1c3 (webtiles) character file.

Game seed: 3495794321013356155

1346 seren the Charlatan (level 8, -6/60 HPs)
             Began as a Coglin Artificer on Feb 27, 2024.
             Mangled by a hornet (8 damage)
             ... while paralysed by a hornet
             ... on level 7 of the Dungeon.
             The game lasted 00:18:02 (7253 turns).

seren the Charlatan (Coglin Artificer)              Turns: 7253, Time: 00:18:03

Health: -6/60      AC:  5    Str: 12    XL:     8   Next: 62%
Magic:  8/8        EV:  2    Int: 10    God:
Gold:   300        SH:  0    Dex: 18    Spells: 7/7 levels left

rFire   + + .        l - +2 quick blade of Woe {freeze, rF++ rN+}
rCold   . . .        s - +0 rapier {Ernst}
rNeg    + . .        b - +0 leather armour
rPois   .            (no helmet)
rElec   .            y - +0 cloak
rCorr   .            m - +0 pair of gloves
SInv    .            (no boots)
Will    .....        g - amulet of regeneration
Stlth   ++           (ring unavailable)
HPRegen 1.10/turn    (ring unavailable)
MPRegen 0.11/turn

%: no passive effects
@: paralysed, lethally poisoned (-6 -> -10), slowed, revved
A: off-hand wielding, slow wielding, warmup strikes, no rings
a: no special abilities


You were on level 7 of the Dungeon.
You visited 2 branches of the dungeon, and saw 8 of its levels.

You collected 412 gold pieces.
You spent 112 gold pieces at shops.

Inventory:

Hand Weapons
 h - a +0 dagger {Ajinder}
 j - a +0 dagger {Yejun}
 l - the +2 quick blade of Woe (weapon) {freeze, rF++ rN+}
   (You acquired it on level 4 of the Dungeon)

   rF++:      It greatly protects you from fire.
   rN+:       It protects you from negative energy.
 s - a +0 rapier (offhand) {Ernst}
 I - the +5 woodcutter's axe
   (You found it on level 7 of the Dungeon)
Missiles
 q - a throwing net
 u - 2 poisoned darts
Armour
 b - a +0 leather armour (worn)
 m - a +0 pair of gloves (worn)
 y - a +0 cloak (worn)
Jewellery
 g - an amulet of regeneration (around neck)
 o - an amulet of faith
 H - an amulet of the acrobat
Wands
 c - a wand of flame (24) (quivered)
 d - a wand of charming (12)
 e - a wand of iceblast (5)
 F - a wand of polymorph (3)
Scrolls
 n - 2 scrolls of brand weapon {unknown}
 p - a scroll of butterflies {unknown}
 r - a scroll of poison
 v - a scroll of fog {unknown}
 x - a scroll of noise {unknown}
 z - 2 scrolls of teleportation {unknown}
 C - a scroll of amnesia {unknown}
 D - a scroll of torment {unknown}
 E - 2 scrolls of identify
 G - a scroll of revelation {unknown}
Potions
 a - a potion of invisibility {unknown}
 f - 4 potions of mutation {!q}
 i - 2 potions of brilliance
 k - a potion of lignification
 t - a potion of degeneration {unknown}
 w - 4 potions of curing {unknown}
 A - a potion of berserk rage {unknown}
 B - a potion of resistance {unknown}


   Skills:
 + Level 4.1 Fighting
 * Level 4.8 Short Blades
 + Level 4.1 Armour
 + Level 3.7 Dodging
 - Level 2.0 Stealth
 + Level 6.7 Evocations


You had 7 spell levels left.
You didn't know any spells.
Your spell library contained the following spells:

 Spells                   Type           Power      Damage    Failure   Level
 Blink                    Tloc           0%         N/A       58%         2
 Lesser Beckoning         Tloc           0%         N/A       58%         2
 Momentum Strike          Conj/Tloc      0%         3d8       58%         2
 Brom's Barrelling Bould  Conj/Erth      0%         2d3       99%         4
 Fireball                 Conj/Fire      0%         3d3       100%        5
 Iskenderun's Battlesphe  Conj           0%         2d6       100%        5
 Conjure Ball Lightning   Conj/Air       0%         3x3d6     100%        6
 Orb of Destruction       Conj           0%         9d5       100%        7


Dungeon Overview and Level Annotations

Branches:
Dungeon (7/15)             Temple (1/1) D:6

Altars:
Ashenzari
Cheibriados
Dithmenos
Elyvilon
Fedhas
Hepliaklqana
Kikubaaqudgha
Makhleb
Nemelex Xobeh
Okawaru
Qazlal
Sif Muna
Trog
Uskayaw
Vehumet
Wu Jian
Xom
Zin
The Shining One

Shops:
D:5 (*[=

Annotations:
D:2 exclusion: gnoll, Jessica


Innate Abilities, Weirdness & Mutations

You can wield a second weapon in your off-hand.
It takes a long time for you to wield or remove held weapons.
Your first few attacks do less damage.
Your grasper-arms cannot wear rings.


Message History

Found a spear.
You see here a +0 spear.
You hear the creaking of a very distant portcullis.
Found a green potion.
A hornet comes into view.
The helpless hornet fails to defend itself.
You impale the hornet with the +2 quick blade of Woe!!
You freeze the hornet. You hit the hornet but do no damage.
The hornet is severely wounded.
You hit the hornet with your +0 rapier. The hornet stings you!
You are poisoned.
You feel yourself slow down. The hornet stings you!
* * * LOW HITPOINT WARNING * * *
You feel as though you will be slow longer.
You hit the hornet with the +2 quick blade of Woe.
You freeze the hornet. You hit the hornet but do no damage.
The hornet is severely wounded.
You miss the hornet with your +0 rapier.
You feel very sick. The hornet stings you!
* * * LOW HITPOINT WARNING * * *
You feel as though you will be slow longer.
The hornet barely misses you.
You barely miss the hornet with your +0 rapier.
The hornet is severely wounded.
You miss the hornet with the +2 quick blade of Woe.
You barely miss the hornet with the +2 quick blade of Woe.
The hornet is severely wounded.
You feel very sick. The hornet stings you!
* * * LOW HITPOINT WARNING * * *
You feel as though you will be slow longer.
The hornet stings you.
* * * LOW HITPOINT WARNING * * *
You are lethally poisoned!
You suddenly lose the ability to move!
* * * LOW HITPOINT WARNING * * *
You feel very sick. The hornet stings you!
You die...

##### #...# #y..##
#.@.!###.# #........#####
#########...###......
#......###.####....###
#.####..#............####
#.# ##...#.............#
#.# ##..#..........#
#.######..<).........#
#....................##


You could see a hornet.

Vanquished Creatures
  Duvessa (D:7)
  A sky beast (D:6)
  An ice beast (D:7)
  An ogre (D:6)
  Blork the orc (D:6)
  4 scorpions
  Dowan (D:7)
  A howler monkey (D:5)
  A bombardier beetle (D:5)
  5 hounds
  A jelly (D:7)
  2 orc priests (D:4)
  2 sleepcaps (D:5)
  3 iguanas
  An orc wizard (D:4)
  3 adders
  2 ufetubi (D:7)
  4 dart slugs
  A ribbon worm (D:4)
  17 orcs
  5 ball pythons
  6 bats
  5 endoplasms
  4 giant cockroaches
  4 goblins
  6 hobgoblins
  3 kobolds
  2 quokkas
  3 frilled lizards
  4 rats (D:1)
95 creatures vanquished.

Vanquished Creatures (collateral kills)
  An orc wizard (D:3)
1 creature vanquished.

Vanquished Creatures (others)
  A jelly (D:7)
1 creature vanquished.

Grand Total: 97 creatures vanquished

Notes
Turn   | Place    | Note
-------+----------+-------------------------------------------
     0 | D:1      | seren the Coglin Artificer began the quest for the Orb.
     0 | D:1      | Reached XP level 1. HP: 15/15 MP: 1/1
    81 | D:1      | Reached skill level 1 in Dodging
   166 | D:1      | Reached skill level 1 in Stealth
   186 | D:1      | Reached XP level 2. HP: 20/21 MP: 2/2
   638 | D:1      | Reached XP level 3. HP: 26/26 MP: 3/3
   758 | D:1      | You fall into a shaft and drop 1 floor!
   917 | D:2      | Noticed Jessica
  1277 | D:2      | Reached skill level 1 in Short Blades
  1512 | D:2      | Reached XP level 4. HP: 32/32 MP: 4/4
  2539 | D:4      | Found an ornate altar of the Wu Jian Council.
  2641 | D:3      | Reached XP level 5. HP: 20/38 MP: 5/5
  3234 | D:4      | Reached skill level 5 in Evocations
  3690 | D:4      | Reached XP level 6. HP: 37/45 MP: 6/6
  3942 | D:4      | Identified a scroll of acquirement
  3943 | D:4      | Acquired the +2 quick blade of Woe {freeze, rF++ rN+}
  4057 | D:4      | Found a glowing golden altar of the Shining One.
  4507 | D:5      | Entered Level 5 of the Dungeon
  4765 | D:5      | Found Quroyf's Weapon Boutique.
  4771 | D:5      | Found a shimmering blue altar of Sif Muna.
  4771 | D:5      | Found a hazy altar of Hepliaklqana.
  4772 | D:5      | Found a glowing silver altar of Zin.
  4773 | D:5      | Found a shadowy altar of Dithmenos.
  4774 | D:5      | Found a broken altar of Ashenzari.
  4835 | D:5      | Found Luafig's General Store.
  4847 | D:5      | Found Piolur's Antique Armour Emporium.
  4856 | D:5      | Bought a cloak for 112 gold pieces
  5040 | D:5      | Found Luhag's Jewellery Emporium.
  5046 | D:5      | Found a hide-covered altar of Uskayaw.
  5121 | D:5      | Reached XP level 7. HP: 28/51 MP: 7/7
  5812 | D:6      | Found a radiant altar of Vehumet.
  6071 | D:6      | Found a sparkling altar of Nemelex Xobeh.
  6098 | D:6      | Found a staircase to the Ecumenical Temple.
  6111 | Temple   | Entered the Ecumenical Temple
  6159 | D:6      | Found a burning altar of Makhleb.
  6170 | D:6      | Reached skill level 6 in Evocations
  6226 | D:6      | Reached XP level 8. HP: 55/58 MP: 8/8
  6675 | D:6      | Noticed Blork the orc
  6840 | D:6      | Killed Blork the orc
  7015 | D:7      | Noticed Duvessa
  7015 | D:7      | Noticed Dowan
  7042 | D:7      | Found the +5 woodcutter's axe
  7081 | D:7      | Killed Duvessa
  7091 | D:7      | Killed Dowan
  7162 | D:7      | Noticed a yak
  7162 | D:7      | Noticed a yak
  7246 | D:7      | Noticed a hornet
  7252 | D:7      | Paralysed by a hornet for 3 turns
  7253 | D:7      | HP: 2/60 [poisoned by a hornet]
  7253 | D:7      | Mangled by a hornet

Illustrated notes

Levels and vault maps discovered:
D:1:      dpeg_arrival_prison, layout_loops_ring, hangedman_decor_points,
          minmay_octomino_c4
D:2:      layout_loops_corners, uniq_jessica
D:3:      wad_lake_hut, layout_rooms, kennysheep_cross_room
D:4:      layout_layer_cave, tso_oasis_becter, kennysheep_mini_moat
D:5:      layout_loops_corners, lemuel_crystal_altar,
          grunt_temple_overflow_open, serial_shops, nicolae_shop_hallway_stairs,
          nicolae_shop_gaudy_bauble, nicolae_inconvenience_store, shop,
          serial_library_hellmonk_open_cross, minivault_26
D:6:      layout_layer_cave, mainiacjoe_overflow_six_doors_small,
          nemelex_spade_bored_becter, amcnicky_altar_gilded,
          minmay_temple_entry_large_hall, serial_glass, glass_columns_a,
          glass_columns_c, uniq_blork_the_orc
D:7:      layout_rooms, enter_bailey_3, uniq_duvessa
Temple:   hellmonk_temple_two_chambers

Skill      XL: |  1  2  3  4  5  6  7  8 |
---------------+-------------------------+-----
Dodging        | 1 2 3 |  3.7
Stealth        | 1 2 |  2.0
Armour         | 2 3 4 |  4.1
Short Blades   | 1 2 3 4 |  4.8
Fighting       | 2 3 4 |  4.1
Evocations     | 5 6 |  6.7

Action                     |  1- 3 |  4- 6 |  7- 9 || total
---------------------------+-------+-------+-------++-------
  Melee: Club              |    44 |       |       ||    44
         Dagger            |   124 |   111 |       ||   235
         Rapier            |     1 |   136 |    72 ||   209
         Quick blade       |       |    36 |   147 ||   183
  Evoke: Wand              |     1 |     7 |     1 ||     9
    Use: Scroll            |       |     7 |       ||     7
         Potion            |       |     3 |     1 ||     4
   Stab: Sleeping          |     3 |     2 |     3 ||     8
 Armour: Leather armour    |    65 |    94 |    56 ||   215
         Skin              |       |     6 |       ||     6
  Dodge: Dodged            |    61 |    79 |    42 ||   182
         Repelled          |       |       |     2 ||     2

Table legend: (Time is in decaauts)
 A = Elapsed time spent in this place.
 B = Non-inter-level travel time spent in this place.
 C = Inter-level travel time spent in this place.
 D = Time resting spent in this place.
 E = Time spent auto-exploring this place.
 F = Levels seen in this place.
 G = Mean time per level.
                   A        B        C        D        E       F      G
               +--------+--------+--------+--------+--------+-----+--------+
         Total |   7313 |   6941 |    372 |    885 |   4502 |   8 |  914.1 |
       Dungeon |   7302 |   6930 |    372 |    885 |   4502 |   7 | 1043.1 |
        Temple |     11 |     11 |      0 |      0 |      0 |   1 |   11.0 |
               +--------+--------+--------+--------+--------+-----+--------+

Top non-repeatable levels by time:
     D:4: 1612 daAuts
     D:5: 1222 daAuts
     D:6: 1218 daAuts
     D:3: 1088 daAuts
     D:1: 1044 daAuts
     D:2: 902 daAuts
     D:7: 213 daAuts
  Temple: 11 daAuts
